 Dungeon Crawl Stone Soup version 0.31-a0-200-gbc41564c69 (webtiles) character file.

Game seed: 13549586996167024773

406 qw the Skirmisher (level 6, 0/36 HPs)
             Began as a Deep Elf Hunter on June 25, 2023.
             Slain by Edmund
             ... wielding a +0 heavy dire flail
              (4 damage)
             ... on level 4 of the Dungeon.
             The game lasted 00:00:44 (2107 turns).

qw the Skirmisher (Deep Elf Hunter)                 Turns: 2107, Time: 00:00:44

Health: 0/36       AC:  6    Str: 10    XL:     6   Next: 56%
Magic:  8/8        EV: 11    Int: 14    God:
Gold:   151        SH:  5    Dex: 18    Spells: 5/5 levels left

rFire   . . .        Y - +4 arbalest
rCold   . . .        (shield currently unavailable)
rNeg    . . .        e - +0 ring mail
rPois   .            h - +0 helmet
rElec   .            (no cloak)
rCorr   +            (no gloves)
SInv    +            (no boots)
Will    .....        d - amulet of reflection
Stlth   +            a - ring of see invisible
HPRegen 0.26/turn    b - ring of resist corrosion
MPRegen 0.11/turn

%: reflection
@: no status effects
A: no striking features
a: no special abilities


You were on level 4 of the Dungeon.
You visited 1 branch of the dungeon, and saw 4 of its levels.

You collected 151 gold pieces.


   Skills:
 - Level 2.7 Fighting
 + Level 9.8 Ranged Weapons
 - Level 2.4 Dodging
 - Level 1.2 Stealth


You had 5 spell levels left.
You didn't know any spells.
Your spell library was empty.

Inventory:

Hand Weapons
 Y - a +4 arbalest (weapon)
Armour
 e - a +0 ring mail (worn)
 h - a +0 helmet (worn)
Jewellery
 a - a ring of see invisible (left hand)
 b - a ring of resist corrosion (right hand)
 d - an amulet of reflection (around neck)
 f - a ring of ice
Potions
 g - a potion of brilliance {unknown}
 i - a potion of heal wounds {unknown}
 j - a potion of curing {unknown}

Dungeon Overview and Level Annotations

Branches:
Dungeon (4/15)
 Temple: D:4-7

Altars:

Annotations:
D:4 Edmund


Message History

You kill the worm!
You block the kobold's attack. The kobold barely misses you.
Edmund closely misses you.
You shoot a bolt. The bolt hits Edmund.
Edmund is lightly wounded.
The kobold hits you but does no damage. Edmund barely misses you.
You shoot a bolt. The bolt hits Edmund.
Edmund is lightly wounded.
The kobold hits you with a +0 club. The kobold closely misses you.
Edmund hits you with a +0 heavy dire flail!
You shoot a bolt.
The bolt hits Edmund but does no damage.
Edmund is lightly wounded.
The kobold hits you with a +0 club. Edmund barely misses you.
The kobold hits you with a +0 club.
You shoot a bolt.
The bolt hits Edmund but does no damage.
Edmund is lightly wounded.
The kobold hits you but does no damage.
Edmund hits you with a +0 heavy dire flail.
You shoot a bolt. The bolt hits Edmund!
Edmund is moderately wounded.
You block the kobold's attack. Edmund barely misses you.
The kobold barely misses you.
You shoot a bolt. The bolt hits Edmund!
Edmund is heavily wounded.
Edmund hits you with a +0 heavy dire flail!
The kobold hits you but does no damage.
You shoot a bolt. The bolt barely misses Edmund.
The kobold hits you but does no damage. You block Edmund's attack.
The kobold closely misses you.
You shoot a bolt. The bolt closely misses Edmund.
You block Edmund's attack. The kobold closely misses you.
The kobold barely misses you.
You shoot a bolt. The bolt closely misses Edmund.
You block Edmund's attack. The kobold completely misses you.
You shoot a bolt. The bolt hits Edmund!!
Edmund is almost dead.
Edmund hits you with a +0 heavy dire flail.
You die...

#.# #..# #
#.####
#..######
#....#
#..##....
####.#
...##.###
#.# ### ...#
#.######...
...).
#.........#
.
#..######K##
##
#.......@@.#
####.####%.#
#.# $.# #)#
..# #.# ...
#.# .<## #.#
.## ..# .#
###


You could see Edmund and a kobold.

Vanquished Creatures
  2 ogres (D:4)
  An iguana (D:4)
  Terence (D:2)
  An orc wizard (D:3)
  Robin (D:2)
  3 gnolls (D:2)
  3 adders
  4 worms
  A dart slug (D:1)
  7 orcs (D:3)
  5 ball pythons
  3 endoplasms
  3 giant cockroaches
  16 goblins
  7 hobgoblins
  3 jackals (D:4)
  3 kobolds
  2 quokkas
  2 bats
  6 rats
74 creatures vanquished.

Notes
Turn   | Place    | Note
-------+----------+-------------------------------------------
     0 | D:1      | qw the Deep Elf Hunter began the quest for the Orb.
     0 | D:1      | Reached XP level 1. HP: 12/12 MP: 3/3
     0 | D:1      | 0 ||| qw: Version: 0.3-a-22-g0ed2b0b
     0 | D:1      | 0 ||| qw: Game counter: 5495
     0 | D:1      | 0 ||| qw: Melee chars always use a shield: true
     0 | D:1      | 0 ||| qw: God list: Okawaru
     0 | D:1      | 0 ||| qw: Allow faded altars: false
     0 | D:1      | 0 ||| qw: Do Orc after clearing Dungeon:15 true
     0 | D:1      | 0 ||| qw: Do second Lair branch before Depths: true
     0 | D:1      | 0 ||| qw: Lair rune preference: random
     0 | D:1      | 0 ||| qw: Goals: Normal
     0 | D:1      | 0 ||| PLANNING D:1-11
   205 | D:1      | Reached XP level 2. HP: 16/16 MP: 4/4
   288 | D:1      | Reached skill level 6 in Ranged Weapons
   338 | D:1      | Found a faded altar of an unknown god.
   339 | D:1      | 339 ||| SWAPPING to +0 arbalest.
   340 | D:1      | 340 ||| DROPPING +0 shortbow.
   341 | D:1      | 341 ||| UPGRADING to amulet of reflection.
   346 | D:1      | 346 ||| READING scroll labelled UGYHONN EBEUNK.
   348 | D:1      | 348 ||| DROPPING scroll of butterflies.
   649 | D:1      | 649 ||| UPGRADING to ring of see invisible.
   713 | D:2      | Reached XP level 3. HP: 20/20 MP: 5/5
   891 | D:2      | Reached skill level 7 in Ranged Weapons
   988 | D:2      | Noticed Terence
   992 | D:2      | Killed Terence
   993 | D:2      | Reached XP level 4. HP: 25/25 MP: 6/6
  1160 | D:2      | Reached skill level 8 in Ranged Weapons
  1162 | D:2      | Noticed Robin
  1166 | D:2      | Killed Robin
  1398 | D:2      | 1398 ||| UPGRADING to +0 ring mail.
  1408 | D:2      | 1408 ||| DROPPING +0 leather armour.
  1409 | D:2      | 1409 ||| UPGRADING to +0 helmet.
  1414 | D:2      | 1414 ||| READING 3 scrolls labelled ZIKAKA CUHITI.
  1415 | D:2      | 1415 ||| READING 2 scrolls of enchant weapon.
  1415 | D:2      | 1415 ||| ENCHANTING +1 arbalest.
  1416 | D:2      | 1416 ||| READING scroll of enchant weapon.
  1416 | D:2      | 1416 ||| ENCHANTING +2 arbalest.
  1511 | D:3      | Reached XP level 5. HP: 29/29 MP: 7/7
  1575 | D:3      | 1575 ||| READING scroll of enchant weapon.
  1575 | D:3      | 1575 ||| ENCHANTING +3 arbalest.
  1825 | D:3      | 1825 ||| UPGRADING to ring of resist corrosion.
  1826 | D:3      | 1826 ||| READING scroll labelled XAD GOGACAH.
  1827 | D:3      | 1827 ||| READING scroll labelled LIGHOQUANK.
  1859 | D:4      | Reached skill level 9 in Ranged Weapons
  1927 | D:4      | Noticed an ogre
  1942 | D:4      | Killed an ogre
  1943 | D:4      | Reached XP level 6. HP: 23/36 MP: 8/8
  2094 | D:4      | Noticed Edmund
  2103 | D:4      | HP: 2/36 [Edmund/+0 heavy dire flail (15)]
  2107 | D:4      | Slain by Edmund

Levels and vault maps discovered:
D:1:      matt_arrival_spirals, layout_rooms, shapermc_ecumenical_altar_ellora,
          minivault_11, corner_web_ring, chequers_serial_rivers_room_a
D:2:      layout_loops_ring, st_stairs_13, uniq_terence, uniq_robin
D:3:      layout_rooms, chequers_serial_rivers_micro_e
D:4:      layout_loops_ring, uniq_edmund

Skill      XL: |  1  2  3  4  5 |
---------------+----------------+-----
Ranged Weapons | 6 7 8 9 |  9.8
Fighting       | 2 |  2.7
Dodging        | |  2.4
Stealth        | |  1.2

Action                     |  1- 3 |  4- 6 || total
---------------------------+-------+-------++-------
   Fire: Shortbow          |    12 |       ||    12
         Arbalest          |    33 |   116 ||   149
    Use: Scroll            |     1 |     6 ||     7
 Armour: Leather armour    |     1 |     1 ||     2
         Ring mail         |       |    14 ||    14
  Dodge: Dodged            |    11 |    33 ||    44
  Block: Other             |     5 |    14 ||    19
         Reflection        |       |     1 ||     1

Table legend:
 A = Non-vault XP
 B = Vault XP
 C = Vault XP percentage of total XP
 D = Non-vault monster count
 E = Vault monster count
 F = Vault count percentage of total count
                 A         B        C        D         E       F
            +---------+---------+-------+---------+---------+-------
      Total |     495 |      86 |  14.8 |      60 |      14 |  18.9
            +---------+---------+-------+---------+---------+-------
        D:1 |      26 |       0 |   0.0 |      13 |       0 |   0.0
        D:2 |      60 |      86 |  58.9 |      13 |      14 |  51.9
        D:3 |      93 |       0 |   0.0 |      19 |       0 |   0.0
        D:4 |     316 |       0 |   0.0 |      15 |       0 |   0.0
            +---------+---------+-------+---------+---------+-------
